 Dungeon Crawl Stone Soup version 0.26.1-11-gd32895ea62 (webtiles) character file.

Game seed: 6744282070322546698

313340 phalm the Omniscient (level 21, -14/164 HPs)
             Began as a Gnoll Conjurer on May 11, 2021.
             Was the Champion of Ashenzari.
             Killed from afar by Nikola (35 damage)
             ... with a chain lightning
             ... on level 3 of the Vaults.
             The game lasted 03:36:17 (65715 turns).

phalm the Omniscient (Gnoll Conjurer)              Turns: 65715, Time: 03:36:18

Health: -14/164    AC: 23    Str:  8    XL:     21   Next: 33%
Magic:  1/39       EV: 19    Int: 37    God:    Ashenzari [******]
Gold:   1519       SH: 21    Dex: 13    Spells: 7/49 levels left

rFire    + . .     SeeInvis +   l - staff of conjuration (curse) {!a}
rCold    + . .     Faith    .   g - +3 kite shield (curse)
rNeg     + . .     Spirit   .   B - +1 ring mail of Foolhardiness {rN+ Regen+ Str-5 Int+6} (curse)
rPois    .         Reflect  +   V - +2 helmet of Submission {rC+} (curse)
rElec    .         Harm     .   m - +2 cloak
rCorr    .         Rampage  .   H - +2 pair of gloves {Str+3}
Will     ++...     Clarity  +   T - +1 pair of boots {Stlth+} (curse)
Stlth    ++++++....             A - amulet of reflection (curse)
HPRegen  0.77/turn              J - ring "Raezxopp" {Wiz Will+} (curse)
MPRegen  0.26/turn              F - ring of protection from fire

@: marked
A: distributed training, fangs 1, clarity, strong nose
}: 2/15 runes: serpentine, barnacled
a: Renounce Religion, Curse Item, Scrying


You were on level 3 of the Vaults.
You worshipped Ashenzari.
Ashenzari was exalted by your worship.
You visited 7 branches of the dungeon, and saw 35 of its levels.
You visited the Abyss 2 times.
You also visited: Gauntlet and Ice Cave.

You collected 4444 gold pieces.
You spent 2925 gold pieces at shops.


Innate Abilities, Weirdness & Mutations

Your experience applies equally to all skills.
You have very sharp teeth.
Your uncanny sense of smell can sniff out nearby items.
You possess an exceptional clarity of mind.


   Skills:
 + Level 13.9 Fighting
 + Level 13.9 Short Blades
 + Level 13.9 Long Blades
 + Level 13.9 Axes
 + Level 13.9 Maces & Flails
 + Level 13.9 Polearms
 + Level 13.9(16.5) Staves
 + Level 13.9 Slings
 + Level 13.9 Bows
 + Level 13.9 Crossbows
 + Level 13.9 Throwing
 + Level 13.9(16.5) Armour
 + Level 14.5(17.1) Dodging
 + Level 14.4 Stealth
 + Level 13.9(16.5) Shields
 + Level 13.9 Unarmed Combat
 + Level 14.6 Spellcasting
 + Level 13.6(16.2) Conjurations
 + Level 12.0(14.6) Hexes
 + Level 12.0(14.6) Summonings
 + Level 12.0(14.6) Necromancy
 + Level 12.0(14.6) Translocations
 + Level 12.0(14.6) Transmutations
 + Level 12.0(14.6) Fire Magic
 + Level 12.0(14.6) Ice Magic
 + Level 12.0(14.6) Air Magic
 + Level 12.0(14.6) Earth Magic
 + Level 12.0(14.6) Poison Magic
 + Level 15.0 Invocations
 + Level 13.9(18.0) Evocations


You had 7 spell levels left.
You knew the following spells:

 Your Spells              Type           Power        Failure   Level
a - Bolt of Magma         Conj/Fire/Erth 59%          1%          5
b - Fireball              Conj/Fire      59%          1%          5
d - Mephitic Cloud        Conj/Pois/Air  100%         0%          3
f - Statue Form           Tmut/Erth      62%          1%          6
i - Swiftness             Air            94%          0%          2
m - Magic Dart            Conj           100%         0%          1
o - Olgreb's Toxic Radia  Pois           94%          1%          4
s - Searing Ray           Conj           100%         0%          2
t - Iron Shot             Conj/Erth      59%          1%          6
B - Blink                 Tloc           N/A          0%          2
X - Iskenderun's Mystic   Conj/Tloc      100%         1%          4
Y - Sublimation of Blood  Necr           47%          0%          2

Your spell library contained the following spells:

 Spells                   Type           Power        Failure   Level
 Animate Skeleton         Necr           100%         0%          1
 Apportation              Tloc           100%         0%          1
 Corona                   Hex            100%         0%          1
 Freeze                   Ice            100%         0%          1
 Sting                    Tmut/Pois      100%         0%          1
 Summon Small Mammal      Summ           100%         0%          1
 Call Imp                 Summ           94%          0%          2
 Ensorcelled Hibernation  Hex/Ice        100%         0%          2
 Passwall                 Tmut/Erth      78%          0%          2
 Poisonous Vapours        Pois/Air       100%         0%          2
 Slow                     Hex            94%          0%          2
 Confusing Touch          Hex            94%          0%          3
 Conjure Flame            Conj/Fire      100%         0%          3
 Dazzling Flash           Conj/Hex       100%         0%          3
 Frozen Ramparts          Ice            100%         0%          3
 Gell's Gravitas          Tloc           47%          0%          3
 Ignite Poison            Fire/Tmut/Pois 94%          0%          3
 Inner Flame              Hex/Fire       94%          0%          3
 Ozocubu's Armour         Ice            94%          0%          3
 Portal Projectile        Hex/Tloc       100%         0%          3
 Tukima's Dance           Hex            94%          0%          3
 Animate Dead             Necr           47%          1%          4
 Cause Fear               Hex            47%          1%          4
 Fulminant Prism          Conj/Hex       59%          1%          4
 Hailstorm                Conj/Ice       100%         1%          4
 Leda's Liquefaction      Hex/Erth       47%          1%          4
 Passage of Golubria      Tloc           N/A          1%          4
 Petrify                  Tmut/Erth      94%          1%          4
 Summon Ice Beast         Ice/Summ       94%          1%          4
 Alistair's Intoxication  Tmut/Pois      62%          1%          5
 Borgnjor's Vile Clutch   Necr/Erth      47%          1%          5
 Irradiate                Conj/Tmut      59%          1%          5
 Lee's Rapid Deconstruct  Erth           47%          1%          5
 Metabolic Englaciation   Hex/Ice        47%          1%          5
 Silence                  Hex/Air        47%          1%          5
 Yara's Violent Unravell  Hex/Tmut       47%          1%          5
 Death Channel            Necr           47%          1%          6
 Eringya's Noxious Bog    Tmut/Pois      47%          1%          6
 Invisibility             Hex            94%          1%          6
 Simulacrum               Ice/Necr       47%          1%          6
 Starburst                Conj/Fire      59%          1%          6
 Discord                  Hex            47%          17%         8
 Ignition                 Fire           47%          17%         8
 Shatter                  Erth           47%          92%         9

Inventory:

Missiles
 c - 4 throwing nets {=f!f}
Armour
 g - a cursed +3 kite shield (worn)
   (You took it off Asterion on level 4 of the Snake Pit)
 m - a +2 cloak (worn)
   (You took it off Crazy Yiuf on level 2 of the Dungeon)
 B - the cursed +1 ring mail of Foolhardiness (worn) {rN+ Regen+ Str-5 Int+6}
   (You took it off a merfolk on level 4 of the Shoals)

   It affects your strength (-5).
   It affects your intelligence (+6).
   It protects you from negative energy.
   It increases your rate of regeneration.
   It has a curse placed upon it.
 H - a +2 pair of gloves of strength (worn)
   (You found it in a Gauntlet)
 T - a cursed +1 pair of boots of stealth (worn)
   (You bought it in a shop on level 1 of the Snake Pit)
 V - the cursed +2 helmet of Submission (worn) {rC+}
   (You bought it in a shop on level 10 of the Dungeon)

   It protects you from cold.
   It has a curse placed upon it.
Magical Staves
 l - a cursed staff of conjuration (weapon) {!a}
   (You found it on level 11 of the Dungeon)
Jewellery
 A - a cursed amulet of reflection (around neck)
   (You found it on level 3 of the Abyss)
 F - a ring of protection from fire (right hand)
   (You took it off a naga warrior on level 2 of the Snake Pit)
 J - the cursed ring "Raezxopp" (left hand) {Wiz Will+}
   (You found it in a Gauntlet)

   [ring of wizardry]

   It improves your spell success rate.
   It affects your willpower, your defense against some magical effects.
   It has a curse placed upon it.
 P - an uncursed ring of poison resistance
   (You found it on level 4 of the Dungeon)
 R - an uncursed ring of resist corrosion
   (You found it on level 9 of the Dungeon)
Wands
 a - a wand of paralysis (8)
   (You found it on level 1 of the Vaults)
 j - a wand of iceblast (23)
   (You found it on level 2 of the Dungeon)
 v - a wand of acid (2)
   (You found it on level 1 of the Shoals)
 x - a wand of digging (5)
   (You found it on level 8 of the Dungeon)
 O - a wand of polymorph (14)
   (You found it on level 7 of the Dungeon)
 X - a wand of disintegration (17)
   (You took it off an orc on level 13 of the Dungeon)
Scrolls
 b - 17 scrolls of teleportation {@r4}
 f - 3 scrolls of identify {@r1}
 i - a scroll of summoning
 k - 12 scrolls of immolation {!r!r}
 q - 5 scrolls of blinking {!r}
 t - 7 scrolls of fear
 u - 4 scrolls of fog
 z - 10 scrolls of remove curse {@r2}
 C - a scroll of amnesia
 Z - 6 scrolls of magic mapping {!r}
Potions
 d - 4 potions of heal wounds {@q2}
 e - a potion of invisibility
 h - 8 potions of brilliance
 n - 17 potions of curing {@q1}
 o - 8 potions of flight
 p - 3 potions of haste {@q3}
 r - 5 potions of might
 s - 4 potions of ambrosia
 D - 3 potions of cancellation
 E - a potion of magic
 Q - 3 potions of attraction {!q}
 U - 4 potions of resistance
 W - 3 potions of lignification {!q}
Miscellaneous
 w - a box of beasts
   (You found it on level 13 of the Dungeon)
 y - a condenser vane
   (You found it on level 3 of the Snake Pit)
 G - a phantom mirror
   (You found it on level 11 of the Dungeon)
 I - a tin of tremorstones (2/2)
   (You found it on level 3 of the Lair of Beasts)
 S - a phial of floods
   (You found it on level 9 of the Dungeon)

Dungeon Overview and Level Annotations

Branches:
Dungeon (15/15)            Temple (1/1) D:4            Lair (6/6) D:11
 Shoals (4/4) Lair:2        Snake (4/4) Lair:2        Slime (0/5) Lair:6
    Orc (2/2) D:10            Elf (0/3) Orc:2        Vaults (3/5) D:13
  Crypt (0/3) Vaults:2     Depths (0/5) D:15          IceCv (visited)
Gauntlet (visited)

Altars:
Ashenzari
Cheibriados
Gozag
Hepliaklqana
Makhleb
Trog
Vehumet
Xom
Yredelemnul
Zin
The Shining One
Beogh
Jiyva

Shops:
D:8 }   D:10 *   Orc:2 :*([   Snake:1 *[=}

Annotations:
Vaults:3 Nikola
Abyss:1 Jorgrun

,,, , ,,, * #. ,, , ,* #. , ,* *
############# #. ,*, ,,,* #.....
.....# #. ,* , ,,* #....###....#
#. , ,,,* , , * #...##.##...# #.
, , , * #..##...##..######## ,,*
*,, #@##.....##.#....... ,***, *
,* #[ยง@..<.....#....... ,, , ,
,,* #)##..[..##.#....... ,.,,,
,,, #).##...##..#.......
#W###########[..##.##...#.......
,......O.....)....###....#.......
,.OW......)..'...........'.......
............####################
,.....N.)....# ........))..#


You could see Nikola.


Message History

๐Ÿ˜ฎ HP[+1]
Casting: Sublimation of Blood (safe; 0% risk of failure)
Confirm with . or Enter, or press ? or * to list all spells.
Aiming: Bolt of Magma (safe; 1% risk of failure)
Press: ? - help, Shift-Dir - straight line, f - ice dragon
Aim: an ice dragon (18% to evade)
You feel a surge of power!
The bolt of magma hits the freezing wraith!!
The freezing wraith is burned terribly!
You destroy the freezing wraith!
The bolt of magma hits the naga mage!!
The bolt of magma hits the ice dragon!!
The ice dragon is burned terribly!
A boulder beetle comes into view. ๐Ÿ˜ฎ HP[+1] MP[-5]
You lost 5 mp, and now have 26/39 mp.
Casting: Bolt of Magma (safe; 1% risk of failure)
Confirm with . or Enter, or press ? or * to list all spells.
Aiming: Bolt of Magma (safe; 1% risk of failure)
Press: ? - help, Shift-Dir - straight line, f - boulder beetle, p - ice dragon
Aim: a boulder beetle (0% to evade)
You feel a surge of power!
The bolt of magma hits the naga mage!!!
You kill the naga mage!
The bolt of magma hits the ice dragon!!!
The ice dragon is burned terribly!
You kill the ice dragon!
The +0 ice dragon scales are intact enough to wear.
The bolt of magma hits the boulder beetle!!!
The boulder beetle waves its antennae. ๐Ÿ˜ฎ MP[-5]
You lost 5 mp, and now have 21/39 mp.
Casting: Bolt of Magma (safe; 1% risk of failure)
Confirm with . or Enter, or press ? or * to list all spells.
Aiming: Iron Shot (mildly dangerous; 1% risk of failure)
Press: ? - help, Shift-Dir - straight line, f/p - boulder beetle
Aim: a boulder beetle (heavily wounded, 0% to evade)
You feel a surge of power!
The iron shot hits the boulder beetle!!!
You kill the boulder beetle! ๐Ÿ˜ฎ HP[+1] MP[-6]
You lost 6 mp, and now have 15/39 mp.
Nikola is nearby! ๐Ÿ˜ฎ HP[+2] MP[+1]
You regained 2 hp, and now have 92/164 hp.
Casting: Iron Shot (mildly dangerous; 1% risk of failure)
Confirm with . or Enter, or press ? or * to list all spells.
Aiming: Iron Shot (mildly dangerous; 1% risk of failure)
Press: ? - help, Shift-Dir - straight line, f - Nikola
Aim: Nikola, wielding a +1 rapier of electrocution, wearing a +1 cloak of poison resistance and wearing a +2 pair of gloves (lightly wounded, 18% to evade)
You feel a surge of power!
The iron shot hits Nikola!!! ๐Ÿ˜ฎ MP[-6]
You lost 6 mp, and now have 10/39 mp.
Casting: Iron Shot (mildly dangerous; 1% risk of failure)
Confirm with . or Enter, or press ? or * to list all spells.
Aiming: Iron Shot (mildly dangerous; 1% risk of failure)
Press: ? - help, Shift-Dir - straight line, f/p - Nikola
Aim: Nikola, wielding a +1 rapier of electrocution, wearing a +1 cloak of poison resistance and wearing a +2 pair of gloves (heavily wounded, 18% to evade)
You feel a surge of power!
The iron shot hits Nikola!!!
Nikola points at you and mumbles some strange words.
The zap hits you!
* * * LOW HITPOINT WARNING * * *
๐Ÿ˜จ HP[-14] MP[-6]
You take 14 damage, and now have 78/164 hp.
You lost 6 mp, and now have 4/39 mp. ๐Ÿ˜จ HP[+1] MP[+1] ๐Ÿ˜จ HP[+1] Nikola mumbles some strange words.
You hear a mighty clap of thunder!
The lightning arc hits you!!
* * * LOW HITPOINT WARNING * * *
The lightning arc grounds out. ๐Ÿ˜จ HP[-23]
You take 23 damage, and now have 57/164 hp.
Casting: Iron Shot (mildly dangerous; 1% risk of failure)
Confirm with . or Enter, or press ? or * to list all spells.
You don't have enough magic to cast that spell.
Nikola casts a spell.
Nikola blinks! ๐Ÿ˜จ HP[+1] MP[+1]
Casting: Iron Shot (mildly dangerous; 1% risk of failure)
Confirm with . or Enter, or press ? or * to list all spells.
Aiming: Iron Shot (mildly dangerous; 1% risk of failure)
Press: ? - help, Shift-Dir - straight line, f/p - Nikola
Aim: Nikola, wielding a +1 rapier of electrocution, wearing a +1 cloak of poison resistance and wearing a +2 pair of gloves (severely wounded, 18% to evade)
You feel a surge of power!
The iron shot hits Nikola!!! ๐Ÿ˜จ HP[+1] MP[-6]
You lost 6 mp, and now have 0/39 mp. ๐Ÿ˜จ HP[+1] ๐Ÿ˜จ HP[+1] Nikola gestures wildly while chanting.
Nikola blinks! ๐Ÿ˜จ MP[+1] ๐Ÿ˜จ HP[+1] Nikola gestures wildly while chanting.
You hear a mighty clap of thunder!
The lightning arc hits you!!
* * * LOW HITPOINT WARNING * * *
The lightning arc hits Nikola!
The lightning arc hits you!!
* * * LOW HITPOINT WARNING * * *
The lightning arc hits Nikola.
The lightning arc hits you!!
You die...

Skill      XL: |  1  2  3  4  5  6  7  8  9 10 11 12 13 14 15 16 17 18 19 20 21 |
---------------+----------------------------------------------------------------+-----
Spellcasting   | 5 6 7 8 9 10 11 12 13 14 | 14.6
Fighting       | 1 2 3 4 6 7 8 9 10 11 12 13 | 13.9
Short Blades   | 1 2 3 4 6 7 8 9 10 11 12 13 | 13.9
Long Blades    | 1 2 3 4 6 7 8 9 10 11 12 13 | 13.9
Axes           | 1 2 3 4 6 7 8 9 10 11 12 13 | 13.9
Maces & Flails | 1 2 3 4 6 7 8 9 10 11 12 13 | 13.9
Polearms       | 1 2 3 4 6 7 8 9 10 11 12 13 | 13.9
Staves         | 1 2 3 4 6 7 8 9 10 11 12 13 | 13.9
Slings         | 1 2 3 4 6 7 8 9 10 11 12 13 | 13.9
Bows           | 1 2 3 4 6 7 8 9 10 11 12 13 | 13.9
Crossbows      | 1 2 3 4 6 7 8 9 10 11 12 13 | 13.9
Throwing       | 1 2 3 4 6 7 8 9 10 11 12 13 | 13.9
Armour         | 1 2 3 4 6 7 8 9 10 11 12 13 | 13.9
Shields        | 1 2 3 4 6 7 8 9 10 11 12 13 | 13.9
Unarmed Combat | 1 2 3 4 6 7 8 9 10 11 12 13 | 13.9
Invocations    | 1 2 3 4 5 6 7 8 9 10 11 12 13 14 15 | 15.0
Evocations     | 1 2 3 4 6 7 8 9 10 11 12 13 | 13.9
Hexes          | 1 2 3 4 5 6 7 8 9 10 11 12 | 12.0
Summonings     | 1 2 3 4 5 6 7 8 9 10 11 12 | 12.0
Necromancy     | 1 2 3 4 5 6 7 8 9 10 11 12 | 12.0
Translocations | 1 2 3 4 5 6 7 8 9 10 11 12 | 12.0
Transmutations | 1 2 3 4 5 6 7 8 9 10 11 12 | 12.0
Fire Magic     | 1 2 3 4 5 6 7 8 9 10 11 12 | 12.0
Ice Magic      | 1 2 3 4 5 6 7 8 9 10 11 12 | 12.0
Air Magic      | 1 2 3 4 5 6 7 8 9 10 11 12 | 12.0
Earth Magic    | 1 2 3 4 5 6 7 8 9 10 11 12 | 12.0
Poison Magic   | 1 2 3 4 5 6 7 8 9 10 11 12 | 12.0
Dodging        | 5 6 7 8 9 10 11 12 13 14 | 14.5
Stealth        | 5 6 7 8 9 10 11 12 13 14 | 14.4
Conjurations   | 8 9 10 11 12 13 | 13.6

Action                   |  1- 3 |  4- 6 |  7- 9 | 10-12 | 13-15 | 16-18 | 19-21 || total
-------------------------+-------+-------+-------+-------+-------+-------+-------++-------
Melee: Unarmed           |     1 |       |       |       |       |       |       ||     1
       Quarterstaff      |       |    15 |    78 |       |       |       |       ||    93
       Hand axe          |       |     3 |       |       |       |       |       ||     3
       Bite              |       |     1 |     6 |    24 |    62 |    74 |    64 ||   231
       Whip              |       |       |    19 |   268 |   427 |       |       ||   714
       Punch             |       |       |       |     6 |    19 |       |       ||    25
       Staff             |       |       |       |       |   278 |   798 |   671 ||  1747
Throw: Javelin           |       |       |       |       |    15 |       |       ||    15
       Dart              |       |       |       |       |     1 |     1 |       ||     2
 Cast: Magic Dart        |    43 |    35 |   294 |   319 |   546 |   550 |   351 ||  2138
       Searing Ray       |       |     3 |    15 |    31 |    61 |    58 |    23 ||   191
       Call Imp          |       |       |     3 |     2 |    19 |       |       ||    24
       Iskenderun's Myst |       |       |     3 |     8 |    44 |    30 |    25 ||   110
       Fulminant Prism   |       |       |     2 |    37 |     9 |     3 |       ||    51
       Fireball          |       |       |       |     4 |    77 |   105 |    87 ||   273
       Animate Skeleton  |       |       |       |       |     3 |       |       ||     3
       Olgreb's Toxic Ra |       |       |       |       |     3 |    17 |    10 ||    30
       Iron Shot         |       |       |       |       |       |    47 |   121 ||   168
       Sublimation of Bl |       |       |       |       |       |     7 |     6 ||    13
       Statue Form       |       |       |       |       |       |     2 |     1 ||     3
       Blink             |       |       |       |       |       |     1 |       ||     1
       Bolt of Magma     |       |       |       |       |       |     7 |    30 ||    37
Invok: Curse Item        |       |       |     1 |     1 |     3 |     3 |       ||     8
       Scrying           |       |       |       |       |     2 |     1 |       ||     3
Evoke: Wand              |       |     2 |     4 |     1 |    21 |    42 |     8 ||    78
       Tin of tremorston |       |       |       |       |     1 |     1 |       ||     2
  Use: Scroll            |       |       |     8 |     5 |    18 |    15 |     3 ||    49
       Potion            |       |       |       |       |     3 |       |       ||     3
 Stab: Distracted        |       |     1 |     2 |       |       |     2 |     2 ||     7
       Paralysed         |       |       |     2 |       |       |       |     3 ||     5
       Sleeping          |       |       |       |       |     2 |     4 |     9 ||    15
Armor: Robe              |     2 |     2 |    24 |    58 |     4 |       |       ||    90
       Leather armour    |       |       |       |       |   179 |   126 |    32 ||   337
       Skin              |       |       |       |       |       |     8 |    18 ||    26
       Ring mail         |       |       |       |       |       |    37 |    52 ||    89
Dodge: Dodged            |     7 |    13 |    78 |   181 |   512 |   347 |   239 ||  1377
Block: Buckler           |       |       |       |       |   138 |    94 |       ||   232
       Reflection        |       |       |       |       |    21 |   110 |   134 ||   265
       Kite shield       |       |       |       |       |       |   514 |   616 ||  1130

Levels and vault maps discovered:
D:1:      arrival_zaba_pyramid, layout_basic
D:2:      layout_loops_ring, chequers_ecumenical_altar_simple_redux,
          uniq_sigmund, uniq_crazy_yiuf_cottage, uniq_jessica
D:3:      layout_loops_ring, uniq_ijyb, uniq_grinder
D:4:      layout_rooms, minmay_temple_entry_junction,
          gammafunk_ghost_nasty_kobolds, lemuel_another_geyser
D:5:      layout_basic, lemuel_crystal_altar
D:6:      layout_loops_corners, uniq_menkaure
D:7:      layout_layer_cave, gammafunk_ghost_smash, minmay_ruined_shrine
D:8:      layout_gridville, kennysheep_little_box, serial_shops,
          nicolae_shop_waterfront, special_room [special_room_orc],
          kennysheep_generic_room_14
D:9:      layout_roguey, minitemple
D:10:     layout_loops_ring, erik_orc_3, serial_shops, shop, uniq_urug,
          uniq_psyche
D:11:     layout_cave_pools, lair_entry_dummy, grunt_decor_mini_mirrors,
          evilmike_butchery
D:12:     layout_irregular_city, gauntlet_entry_generic, minmay_liquid_box
D:13:     hangedman_cross_veins, layout_small_grid,
          hangedman_vaults_entry_quadrant_bands, serial_bayou_lake_a
D:14:     layout_grid_maze
D:15:     hangedman_depths_entry_civil_slaughter, layout_stronghold,
          ebering_dispersal_statue_hall, uniq_roxanne, uniq_nessos
Temple:   dpeg_five_rooms_temple
Lair:1:   layout_small_grid, maelrawn_ghost_gauntlet_escape, uniq_joseph
Lair:2:   layout_gridlike, minmay_shoals_entry_centaurs,
          guppyfry_snake_entry_garden
Lair:3:   layout_small_grid, nicolae_quartered_pool_little, grunt_megastairs_5,
          lemuel_fruit_tree, serial_bayou_shore_b, serial_bayou_shore_b
Lair:4:   layout_hall_layers, grunt_megastairs_2
Lair:5:   layout_misc_corridors
Lair:6:   gammafunk_lair_ancient_temple, layout_long_grid, slime_altar_1,
          chequers_serial_rivers_room_a, zaba_antful_of_joy
Shoals:1: layout_shoals, abandoned_shop
Shoals:2: layout_shoals
Shoals:3: layout_shoals, lemuel_oklob_altar, uniq_louise
Shoals:4: shoals_end_simple, layout_shoals, shoals_ilsuiw_ice, uniq_polyphemus
Snake:1:  layout_layer_cave, portal_ice_cave_entry_ice_statue_two,
          serial_bayou_shore_b, grunt_megastairs_4, minmay_shoptagon
Snake:2:  layout_misc_corridors
Snake:3:  layout_basic, guppyfry_snake_island, uniq_aizul
Snake:4:  grunt_snake_rune_serpentine_throne, layout_rooms, basic_altar,
          uniq_asterion, uniq_vashnia
Orc:1:    layout_diamond_mine, gammafunk_ghost_cemetery, basic_altar
Orc:2:    grunt_orc_gardens, layout_diamond_mine, grunt_orc_garden,
          grunt_orc_garden, grunt_orc_garden, grunt_orc_garden, uniq_jorgrun,
          uniq_maurice, uniq_sonja
Vaults:1: st_lattice, nicolae_vaults_alarming, ontoclasm_vaults_misaligned,
          vaults_room_grid, v_misc_12, layout_vaults_omnigrid
Vaults:2: minmay_crypt_entry_simple_box, hangedman_vaults_corner, v_misc_17,
          hangedman_vaults_restitches, vaults_room_octagon,
          hangedman_vaults_corner_blocks, nicolae_vaults_quartermaster,
          nicolae_vaults_what_the_h, serial_ice_h, layout_vaults_chaotic_city
Vaults:3: v_misc_16, v_misc_19, vaults_standard_mumra_enter_the_diamond,
          hangedman_vaults_restitches, vaults_room_boxed,
          nicolae_vaults_little_squares_4, grunt_vaults_hallway_long,
          grunt_tower_of_power, ontoclasm_vaults_misaligned,
          nicolae_vaults_network_square, v_misc_28, hangedman_vaults_nails,
          grunt_vaults_focal, layout_vaults_omnibox, uniq_nikola, uniq_frederick

Notes
Turn   | Place    | Note
-------+----------+-------------------------------------------
     0 | D:1      | phalm the Gnoll Conjurer began the quest for the Orb.
     0 | D:1      | Reached XP level 1. HP: 13/13 MP: 6/6
     0 | D:1      | magus.rc [v1.9.10]
    77 | D:1      | Reached XP level 2. HP: 19/19 MP: 4/7
   692 | D:1      | Learned a level 2 spell: Searing Ray
  1031 | D:2      | Reached XP level 3. HP: 25/25 MP: 5/9
  1112 | D:2      | Reached skill level 5 in Spellcasting
  1207 | D:2      | Noticed Jessica
  1210 | D:2      | Killed Jessica
  1211 | D:2      | Reached skill level 1 in Fighting
  1211 | D:2      | Reached skill level 1 in Short Blades
  1211 | D:2      | Reached skill level 1 in Long Blades
  1211 | D:2      | Reached skill level 1 in Axes
  1211 | D:2      | Reached skill level 1 in Maces & Flails
  1211 | D:2      | Reached skill level 1 in Polearms
  1211 | D:2      | Reached skill level 1 in Staves
  1211 | D:2      | Reached skill level 1 in Slings
  1211 | D:2      | Reached skill level 1 in Bows
  1211 | D:2      | Reached skill level 1 in Crossbows
  1211 | D:2      | Reached skill level 1 in Throwing
  1211 | D:2      | Reached skill level 1 in Armour
  1211 | D:2      | Reached skill level 1 in Shields
  1211 | D:2      | Reached skill level 1 in Unarmed Combat
  1211 | D:2      | Reached skill level 1 in Invocations
  1211 | D:2      | Reached skill level 1 in Evocations
  1211 | D:2      | Reached XP level 4. HP: 32/32 MP: 7/11
  1248 | D:2      | Found a faded altar of an unknown god.
  1583 | D:2      | Reached skill level 1 in Hexes
  1583 | D:2      | Reached skill level 1 in Summonings
  1583 | D:2      | Reached skill level 1 in Necromancy
  1583 | D:2      | Reached skill level 1 in Translocations
  1583 | D:2      | Reached skill level 1 in Transmutations
  1583 | D:2      | Reached skill level 1 in Fire Magic
  1583 | D:2      | Reached skill level 1 in Ice Magic
  1583 | D:2      | Reached skill level 1 in Air Magic
  1583 | D:2      | Reached skill level 1 in Earth Magic
  1583 | D:2      | Reached skill level 1 in Poison Magic
  1691 | D:2      | Noticed Sigmund
  1694 | D:2      | Killed Sigmund
  1695 | D:2      | Reached skill level 2 in Invocations
  1695 | D:2      | Reached XP level 5. HP: 26/38 MP: 7/12
  1695 | D:2      | Reached XP level 6. HP: 30/44 MP: 8/14
  2170 | D:2      | Found a runed translucent door.
  2171 | D:2      | Noticed Crazy Yiuf
  2176 | D:2      | Killed Crazy Yiuf
  2177 | D:2      | Reached skill level 5 in Dodging
  2520 | D:3      | Noticed Grinder
  2535 | D:3      | Reached skill level 2 in Fighting
  2535 | D:3      | Reached skill level 2 in Short Blades
  2535 | D:3      | Reached skill level 2 in Long Blades
  2535 | D:3      | Reached skill level 2 in Axes
  2535 | D:3      | Reached skill level 2 in Maces & Flails
  2535 | D:3      | Reached skill level 2 in Polearms
  2535 | D:3      | Reached skill level 2 in Staves
  2535 | D:3      | Reached skill level 2 in Slings
  2535 | D:3      | Reached skill level 2 in Bows
  2535 | D:3      | Reached skill level 2 in Crossbows
  2535 | D:3      | Reached skill level 2 in Throwing
  2535 | D:3      | Reached skill level 2 in Armour
  2535 | D:3      | Reached skill level 2 in Shields
  2535 | D:3      | Reached skill level 2 in Unarmed Combat
  2535 | D:3      | Reached skill level 2 in Evocations
  2589 | D:3      | Killed Grinder
  2590 | D:3      | Reached skill level 2 in Hexes
  2590 | D:3      | Reached skill level 2 in Summonings
  2590 | D:3      | Reached skill level 2 in Necromancy
  2590 | D:3      | Reached skill level 2 in Translocations
  2590 | D:3      | Reached skill level 2 in Transmutations
  2590 | D:3      | Reached skill level 2 in Fire Magic
  2590 | D:3      | Reached skill level 2 in Ice Magic
  2590 | D:3      | Reached skill level 2 in Air Magic
  2590 | D:3      | Reached skill level 2 in Earth Magic
  2590 | D:3      | Reached skill level 2 in Poison Magic
  2590 | D:3      | Reached XP level 7. HP: 51/51 MP: 9/15
  3148 | D:3      | Noticed Ijyb
  3153 | D:3      | Killed Ijyb
  3154 | D:3      | Reached skill level 5 in Stealth
  3252 | D:3      | You pick up a book of Maledictions and begin reading...
  3252 | D:3      | You add the spells Corona, Ensorcelled Hibernation,
                  | Confusing Touch and Tukima's Dance to your library.
  3258 | D:3      | Learned a level 4 spell: Iskenderun's Mystic Blast
  3263 | D:3      | Learned a level 4 spell: Fulminant Prism
  3429 | D:4      | Reached skill level 3 in Invocations
  3486 | D:4      | Got a warped silver amulet
  3492 | D:4      | Identified the amulet of the Eight Towns {Spirit rC+ Slay+2
                  | Stlth+} (You found it on level 4 of the Dungeon)
  3735 | D:4      | Found a staircase to the Ecumenical Temple.
  3770 | Temple   | Entered the Ecumenical Temple
  3910 | Temple   | Became a worshipper of Ashenzari the Shackled
  3964 | D:4      | Reached XP level 8. HP: 57/57 MP: 14/16
  4006 | D:4      | Reached skill level 3 in Fighting
  4006 | D:4      | Reached skill level 3 in Short Blades
  4006 | D:4      | Reached skill level 3 in Long Blades
  4006 | D:4      | Reached skill level 3 in Axes
  4006 | D:4      | Reached skill level 3 in Maces & Flails
  4006 | D:4      | Reached skill level 3 in Polearms
  4006 | D:4      | Reached skill level 3 in Staves
  4006 | D:4      | Reached skill level 3 in Slings
  4006 | D:4      | Reached skill level 3 in Bows
  4006 | D:4      | Reached skill level 3 in Crossbows
  4006 | D:4      | Reached skill level 3 in Throwing
  4006 | D:4      | Reached skill level 3 in Armour
  4006 | D:4      | Reached skill level 3 in Shields
  4006 | D:4      | Reached skill level 3 in Unarmed Combat
  4006 | D:4      | Reached skill level 3 in Evocations
  4342 | D:4      | Reached skill level 6 in Spellcasting
  4492 | D:4      | Identified the Almanac of Unholy Beguiling
  4493 | D:4      | You add the spells Animate Skeleton and Invisibility to
                  | your library.
  4496 | D:4      | Learned a level 1 spell: Animate Skeleton
  4589 | D:4      | Found a runed translucent gate.
  4589 | D:4      | Found a runed translucent gate.
  4589 | D:4      | Found a runed translucent gate.
  4590 | D:4      | Noticed roflc0ptic's ghost (novice OpTm)
  4636 | D:4      | You pick up a book of Minor Magic and begin reading...
  4636 | D:4      | You add the spells Blink, Call Imp, Slow, Conjure Flame and
                  | Mephitic Cloud to your library.
  4719 | D:4      | Learned a level 2 spell: Blink
  4722 | D:4      | Learned a level 2 spell: Call Imp
  4736 | D:4      | Killed roflc0ptic's ghost
  4737 | D:4      | Reached skill level 3 in Hexes
  4737 | D:4      | Reached skill level 3 in Summonings
  4737 | D:4      | Reached skill level 3 in Necromancy
  4737 | D:4      | Reached skill level 3 in Translocations
  4737 | D:4      | Reached skill level 3 in Transmutations
  4737 | D:4      | Reached skill level 3 in Fire Magic
  4737 | D:4      | Reached skill level 3 in Ice Magic
  4737 | D:4      | Reached skill level 3 in Air Magic
  4737 | D:4      | Reached skill level 3 in Earth Magic
  4737 | D:4      | Reached skill level 3 in Poison Magic
  4737 | D:4      | Reached skill level 4 in Invocations
  4741 | D:4      | Reached skill level 6 in Dodging
  4962 | D:5      | Entered Level 5 of the Dungeon
  5092 | D:5      | Reached XP level 9. HP: 65/65 MP: 9/18
  5447 | D:5      | magus.rc [v1.9.10]
  6103 | D:5      | Found a burning altar of Makhleb.
  6127 | D:5      | Reached skill level 4 in Fighting
  6127 | D:5      | Reached skill level 4 in Short Blades
  6127 | D:5      | Reached skill level 4 in Long Blades
  6127 | D:5      | Reached skill level 4 in Axes
  6127 | D:5      | Reached skill level 4 in Maces & Flails
  6127 | D:5      | Reached skill level 4 in Polearms
  6127 | D:5      | Reached skill level 4 in Staves
  6127 | D:5      | Reached skill level 4 in Slings
  6127 | D:5      | Reached skill level 4 in Bows
  6127 | D:5      | Reached skill level 4 in Crossbows
  6127 | D:5      | Reached skill level 4 in Throwing
  6127 | D:5      | Reached skill level 4 in Armour
  6127 | D:5      | Reached skill level 4 in Shields
  6127 | D:5      | Reached skill level 4 in Unarmed Combat
  6127 | D:5      | Reached skill level 4 in Evocations
  7077 | D:6      | Reached skill level 6 in Stealth
  7077 | D:6      | Reached skill level 8 in Conjurations
  7143 | D:6      | Noticed Menkaure
  7146 | D:6      | Killed Menkaure
  7452 | D:6      | Reached * piety under Ashenzari
  7581 | D:6      | Learned a level 3 spell: Mephitic Cloud
  8625 | D:7      | Found a basalt altar of Yredelemnul.
  8627 | D:7      | You pick up a book of Debilitation and begin reading...
  8627 | D:7      | You add the spells Inner Flame, Portal Projectile, Cause
                  | Fear and Leda's Liquefaction to your library.
  8693 | D:7      | You pick up a book of Conjurations and begin reading...
  8737 | D:7      | Reached ** piety under Ashenzari
  8747 | D:7      | Reached skill level 5 in Invocations
  9026 | D:7      | Noticed caitlindye's ghost (novice MiFi)
  9027 | D:7      | Found a transporter.
  9027 | D:7      | Found a transporter.
  9027 | D:7      | Identified the cursed +2 great mace of Havoc {antimagic,
                  | rF+}
  9027 | D:7      | Identified the +1 dire flail of Karma {flame, rPois rN+}
  9027 | D:7      | Noticed a two-headed ogre
  9588 | D:8      | Reached skill level 7 in Spellcasting
  9780 | D:8      | Found a hazy altar of Hepliaklqana.
  9800 | D:8      | Reached XP level 10. HP: 73/73 MP: 17/20
  9801 | D:8      | Reached skill level 4 in Hexes
  9801 | D:8      | Reached skill level 4 in Summonings
  9801 | D:8      | Reached skill level 4 in Necromancy
  9801 | D:8      | Reached skill level 4 in Translocations
  9801 | D:8      | Reached skill level 4 in Transmutations
  9801 | D:8      | Reached skill level 4 in Fire Magic
  9801 | D:8      | Reached skill level 4 in Ice Magic
  9801 | D:8      | Reached skill level 4 in Air Magic
  9801 | D:8      | Reached skill level 4 in Earth Magic
  9801 | D:8      | Reached skill level 4 in Poison Magic
 10105 | D:8      | You pick up a book of Cantrips and begin reading...
 10105 | D:8      | You add the spells Summon Small Mammal and Apportation to
                  | your library.
 10124 | D:8      | Found Ceuthrone's Gadget Shop.
 10364 | D:8      | Reached skill level 5 in Fighting
 10364 | D:8      | Reached skill level 5 in Short Blades
 10364 | D:8      | Reached skill level 5 in Long Blades
 10364 | D:8      | Reached skill level 5 in Axes
 10364 | D:8      | Reached skill level 5 in Maces & Flails
 10364 | D:8      | Reached skill level 5 in Polearms
 10364 | D:8      | Reached skill level 5 in Staves
 10364 | D:8      | Reached skill level 5 in Slings
 10364 | D:8      | Reached skill level 5 in Bows
 10364 | D:8      | Reached skill level 5 in Crossbows
 10364 | D:8      | Reached skill level 5 in Throwing
 10364 | D:8      | Reached skill level 5 in Armour
 10364 | D:8      | Reached skill level 5 in Shields
 10364 | D:8      | Reached skill level 5 in Unarmed Combat
 10364 | D:8      | Reached skill level 5 in Evocations
 10375 | D:8      | Found a roughly hewn altar of Beogh.
 10695 | D:9      | Found a shimmering altar of Xom.
 10704 | D:9      | Found a snail-covered altar of Cheibriados.
 10861 | D:9      | Reached skill level 7 in Dodging
 11708 | D:10     | Entered Level 10 of the Dungeon
 11721 | D:10     | Found Kiorghaqo's Assorted Antiques.
 11729 | D:10     | Bought an encrusted helmet for 275 gold pieces
 11734 | D:10     | Identified the +2 helmet of Submission {rC+} (You bought it
                  | in a shop on level 10 of the Dungeon)
 11915 | D:10     | Reached skill level 6 in Invocations
 11930 | D:10     | Noticed a two-headed ogre
 11931 | D:10     | Reached skill level 7 in Stealth
 11941 | D:10     | Killed a two-headed ogre
 12134 | D:10     | Noticed a cyclops
 12143 | D:10     | Killed a cyclops
 12144 | D:10     | Found a staircase to the Orcish Mines.
 12282 | D:10     | Noticed Urug
 12290 | D:10     | Noticed Psyche
 12306 | D:10     | Killed Urug
 12306 | D:10     | Killed Psyche
 12307 | D:10     | Reached skill level 6 in Fighting
 12307 | D:10     | Reached skill level 6 in Short Blades
 12307 | D:10     | Reached skill level 6 in Long Blades
 12307 | D:10     | Reached skill level 6 in Axes
 12307 | D:10     | Reached skill level 6 in Maces & Flails
 12307 | D:10     | Reached skill level 6 in Polearms
 12307 | D:10     | Reached skill level 6 in Staves
 12307 | D:10     | Reached skill level 6 in Slings
 12307 | D:10     | Reached skill level 6 in Bows
 12307 | D:10     | Reached skill level 6 in Crossbows
 12307 | D:10     | Reached skill level 6 in Throwing
 12307 | D:10     | Reached skill level 6 in Armour
 12307 | D:10     | Reached skill level 6 in Shields
 12307 | D:10     | Reached skill level 6 in Unarmed Combat
 12307 | D:10     | Reached skill level 6 in Evocations
 12307 | D:10     | Reached XP level 11. HP: 43/81 MP: 4/22
 12550 | D:10     | Reached skill level 5 in Hexes
 12550 | D:10     | Reached skill level 5 in Summonings
 12550 | D:10     | Reached skill level 5 in Necromancy
 12550 | D:10     | Reached skill level 5 in Translocations
 12550 | D:10     | Reached skill level 5 in Transmutations
 12550 | D:10     | Reached skill level 5 in Fire Magic
 12550 | D:10     | Reached skill level 5 in Ice Magic
 12550 | D:10     | Reached skill level 5 in Air Magic
 12550 | D:10     | Reached skill level 5 in Earth Magic
 12550 | D:10     | Reached skill level 5 in Poison Magic
 13045 | D:11     | Reached skill level 8 in Spellcasting
 13150 | D:11     | Noticed a manticore
 13162 | D:11     | Killed a manticore
 13281 | D:11     | Reached *** piety under Ashenzari
 13288 | D:11     | Noticed a red ugly thing
 13302 | D:11     | Killed a red ugly thing
 13473 | D:11     | Noticed a two-headed ogre
 13483 | D:11     | Killed a two-headed ogre
 13484 | D:11     | Reached skill level 9 in Conjurations
 13484 | D:11     | Reached skill level 7 in Invocations
 13494 | D:11     | Noticed a cyan ugly thing
 13505 | D:11     | Killed a cyan ugly thing
 13506 | D:11     | Reached skill level 8 in Dodging
 13627 | D:11     | Found a staircase to the Lair.
 14008 | Lair:1   | Entered Level 1 of the Lair of Beasts
 14058 | Lair:1   | Identified the amulet "Relulara" {Faith rElec rPois rC-}
 14058 | Lair:1   | Noticed freelancePsychic's ghost (journeyman DrFE)
 14365 | Lair:1   | You pick up a book of Fire and begin reading...
 14365 | Lair:1   | You add the spells Ignite Poison, Fireball, Starburst and
                  | Ignition to your library.
 14372 | Lair:1   | Learned a level 5 spell: Fireball
 14441 | Lair:1   | Reached skill level 8 in Stealth
 14452 | Lair:1   | Reached XP level 12. HP: 78/89 MP: 18/24
 14489 | Lair:1   | Reached skill level 7 in Fighting
 14489 | Lair:1   | Reached skill level 7 in Short Blades
 14489 | Lair:1   | Reached skill level 7 in Long Blades
 14489 | Lair:1   | Reached skill level 7 in Axes
 14489 | Lair:1   | Reached skill level 7 in Maces & Flails
 14489 | Lair:1   | Reached skill level 7 in Polearms
 14489 | Lair:1   | Reached skill level 7 in Staves
 14489 | Lair:1   | Reached skill level 7 in Slings
 14489 | Lair:1   | Reached skill level 7 in Bows
 14489 | Lair:1   | Reached skill level 7 in Crossbows
 14489 | Lair:1   | Reached skill level 7 in Throwing
 14489 | Lair:1   | Reached skill level 7 in Armour
 14489 | Lair:1   | Reached skill level 7 in Shields
 14489 | Lair:1   | Reached skill level 7 in Unarmed Combat
 14489 | Lair:1   | Reached skill level 7 in Evocations
 14652 | Lair:1   | Found a runed translucent gate.
 14653 | Lair:1   | Noticed a minotaur
 14657 | Lair:1   | Found a runed translucent gate.
 14658 | Lair:1   | Found a runed translucent gate.
 14860 | Lair:1   | Noticed Joseph
 14871 | Lair:1   | Killed Joseph
 15333 | Lair:2   | HP: 19/91 [blink frog (10)]
 15338 | Lair:1   | Reached skill level 6 in Hexes
 15338 | Lair:1   | Reached skill level 6 in Summonings
 15338 | Lair:1   | Reached skill level 6 in Necromancy
 15338 | Lair:1   | Reached skill level 6 in Translocations
 15338 | Lair:1   | Reached skill level 6 in Transmutations
 15338 | Lair:1   | Reached skill level 6 in Fire Magic
 15338 | Lair:1   | Reached skill level 6 in Ice Magic
 15338 | Lair:1   | Reached skill level 6 in Air Magic
 15338 | Lair:1   | Reached skill level 6 in Earth Magic
 15338 | Lair:1   | Reached skill level 6 in Poison Magic
 15706 | Lair:2   | Reached skill level 8 in Invocations
 15840 | Lair:2   | Reached skill level 9 in Spellcasting
 15841 | Lair:2   | You pick up a book of Misfortune and begin reading...
 15841 | Lair:2   | You add the spells Gell's Gravitas, Petrify, Metabolic
                  | Englaciation and Yara's Violent Unravelling to your
                  | library.
 16169 | Lair:2   | Found a staircase to the Snake Pit.
 16329 | Lair:2   | Found a staircase to the Shoals.
 16515 | Lair:2   | Reached **** piety under Ashenzari
 17006 | Lair:3   | Reached skill level 9 in Dodging
 18067 | Lair:4   | Reached skill level 9 in Stealth
 18067 | Lair:4   | Reached XP level 13. HP: 68/98 MP: 10/26
 18342 | Lair:4   | Reached skill level 8 in Fighting
 18342 | Lair:4   | Reached skill level 8 in Short Blades
 18342 | Lair:4   | Reached skill level 8 in Long Blades
 18342 | Lair:4   | Reached skill level 8 in Axes
 18342 | Lair:4   | Reached skill level 8 in Maces & Flails
 18342 | Lair:4   | Reached skill level 8 in Polearms
 18342 | Lair:4   | Reached skill level 8 in Staves
 18342 | Lair:4   | Reached skill level 8 in Slings
 18342 | Lair:4   | Reached skill level 8 in Bows
 18342 | Lair:4   | Reached skill level 8 in Crossbows
 18342 | Lair:4   | Reached skill level 8 in Throwing
 18342 | Lair:4   | Reached skill level 8 in Armour
 18342 | Lair:4   | Reached skill level 8 in Shields
 18342 | Lair:4   | Reached skill level 8 in Unarmed Combat
 18342 | Lair:4   | Reached skill level 8 in Evocations
 19418 | Lair:5   | Reached ***** piety under Ashenzari
 19616 | Lair:5   | Reached skill level 9 in Invocations
 20462 | Lair:6   | Entered Level 6 of the Lair of Beasts
 20526 | Lair:6   | Reached skill level 10 in Conjurations
 20597 | Lair:6   | Reached skill level 7 in Hexes
 20597 | Lair:6   | Reached skill level 7 in Summonings
 20597 | Lair:6   | Reached skill level 7 in Necromancy
 20597 | Lair:6   | Reached skill level 7 in Translocations
 20597 | Lair:6   | Reached skill level 7 in Transmutations
 20597 | Lair:6   | Reached skill level 7 in Fire Magic
 20597 | Lair:6   | Reached skill level 7 in Ice Magic
 20597 | Lair:6   | Reached skill level 7 in Air Magic
 20597 | Lair:6   | Reached skill level 7 in Earth Magic
 20597 | Lair:6   | Reached skill level 7 in Poison Magic
 20995 | Lair:6   | Reached skill level 10 in Spellcasting
 21398 | Lair:6   | Reached XP level 14. HP: 106/106 MP: 28/28
 21463 | Lair:6   | Reached skill level 10 in Dodging
 21762 | Lair:6   | Reached skill level 9 in Fighting
 21762 | Lair:6   | Reached skill level 9 in Short Blades
 21762 | Lair:6   | Reached skill level 9 in Long Blades
 21762 | Lair:6   | Reached skill level 9 in Axes
 21762 | Lair:6   | Reached skill level 9 in Maces & Flails
 21762 | Lair:6   | Reached skill level 9 in Polearms
 21762 | Lair:6   | Reached skill level 9 in Staves
 21762 | Lair:6   | Reached skill level 9 in Slings
 21762 | Lair:6   | Reached skill level 9 in Bows
 21762 | Lair:6   | Reached skill level 9 in Crossbows
 21762 | Lair:6   | Reached skill level 9 in Throwing
 21762 | Lair:6   | Reached skill level 9 in Armour
 21762 | Lair:6   | Reached skill level 9 in Shields
 21762 | Lair:6   | Reached skill level 9 in Unarmed Combat
 21762 | Lair:6   | Reached skill level 9 in Evocations
 22121 | Lair:2   | magus.rc [v1.9.10]
 22602 | D:7      | Killed caitlindye's ghost
 22817 | Orc:1    | Entered Level 1 of the Orcish Mines
 22824 | Orc:1    | Reached skill level 10 in Stealth
 22952 | Orc:1    | Found a bloodstained altar of Trog.
 23048 | Orc:1    | Found a runed translucent gate.
 23048 | Orc:1    | Found a runed translucent gate.
 23048 | Orc:1    | Found a runed translucent gate.
 23048 | Orc:1    | Noticed burt's ghost (journeyman DrCj)
 23048 | Orc:1    | Noticed Eryximachus's ghost (journeyman GrEE)
 23048 | Orc:1    | Noticed Iduumew's ghost (adept FoFi)
 23048 | Orc:1    | Noticed TarVian's ghost (journeyman MiFi)
 23049 | Orc:1    | Noticed Voobriac's ghost (journeyman DsAE)
 23662 | Orc:2    | Entered Level 2 of the Orcish Mines
 24052 | Orc:2    | Noticed Sonja
 24056 | Orc:2    | Killed Sonja
 24057 | Orc:2    | Reached skill level 10 in Invocations
 24641 | Orc:2    | Paralysed by an orc sorcerer for 2 turns
 24942 | Orc:2    | Noticed an orc warlord
 25091 | Orc:2    | Killed an orc warlord
 25502 | Orc:2    | Found Esig's General Store.
 25563 | Orc:2    | Found Paynguus's Antique Weapon Emporium.
 25656 | Orc:2    | Noticed Jorgrun
 25667 | Orc:2    | Banished Jorgrun
 25746 | Orc:2    | Found Joixarof's Book Boutique.
 25801 | Orc:2    | Noticed Maurice
 25813 | Orc:2    | Reached skill level 8 in Hexes
 25813 | Orc:2    | Reached skill level 8 in Summonings
 25813 | Orc:2    | Reached skill level 8 in Necromancy
 25813 | Orc:2    | Reached skill level 8 in Translocations
 25813 | Orc:2    | Reached skill level 8 in Transmutations
 25813 | Orc:2    | Reached skill level 8 in Fire Magic
 25813 | Orc:2    | Reached skill level 8 in Ice Magic
 25813 | Orc:2    | Reached skill level 8 in Air Magic
 25813 | Orc:2    | Reached skill level 8 in Earth Magic
 25813 | Orc:2    | Reached skill level 8 in Poison Magic
 25818 | Orc:2    | Killed Maurice
 25959 | Orc:2    | Found Byggaid's Antique Armour Shoppe.
 26002 | Orc:2    | Found a staircase to the Elven Halls.
 26007 | Orc:2    | Bought a silken robe for 136 gold pieces
 26007 | Orc:2    | Bought a glimmering leather armour for 168 gold pieces
 26017 | Orc:2    | Identified the +1 robe of the Prince of Darkness {rCorr
                  | Stlth+} (You bought it in a shop on level 2 of the Orcish
                  | Mines)
 26027 | Orc:2    | Identified the +3 leather armour of Modesty {Int+4} (You
                  | bought it in a shop on level 2 of the Orcish Mines)
 26087 | Orc:2    | Paralysed by an orc sorcerer for 4 turns
 26098 | Orc:2    | Paralysed by an orc sorcerer for 7 turns
 26610 | Lair:6   | Reached XP level 15. HP: 82/115 MP: 2/29
 26650 | Lair:6   | HP: 26/115 [water moccasin (3)]
 26659 | Lair:5   | HP: 16/115 [poisoned by a soldier ant]
 26667 | Lair:5   | HP: 17/115 [poisoned by a soldier ant]
 26675 | Lair:5   | HP: 17/115 [poisoned by a soldier ant]
 27388 | Lair:6   | Reached skill level 11 in Spellcasting
 27939 | Lair:6   | Found a viscous altar of Jiyva.
 27940 | Lair:6   | Found a staircase to the Slime Pits.
 28167 | D:12     | Found a gate leading to a gauntlet.
 28178 | Gauntlet | Entered a Gauntlet
 28178 | Gauntlet | Found a transporter.
 28178 | Gauntlet | Found a transporter.
 28182 | Gauntlet | Found a transporter.
 28186 | Gauntlet | Found a transporter.
 28187 | Gauntlet | Noticed a cacodemon
 28198 | Gauntlet | Identified the ring of Roirriuh {Dex+6 Slay+4}
 28198 | Gauntlet | Found a transporter.
 28201 | Gauntlet | Found a transporter.
 28203 | Gauntlet | Found a transporter.
 28203 | Gauntlet | Found a transporter.
 28205 | Gauntlet | Found the ring of Shadows {Umbra +Inv Stlth+}
 28207 | Gauntlet | Found a transporter.
 28241 | Gauntlet | Found a transporter.
 28273 | Gauntlet | Found a transporter.
 28274 | Gauntlet | Identified the ring "Jetamuqi" {+Fly rPois rF++ Str-4 SInv}
 28301 | Gauntlet | Found a transporter.
 28314 | Gauntlet | Found a transporter.
 28329 | Gauntlet | Found a transporter.
 28338 | Gauntlet | Identified the ring "Raezxopp" {Wiz Will+}
 28428 | Gauntlet | Found a transporter.
 28443 | Gauntlet | Found a transporter.
 28444 | Gauntlet | Identified the +5 flail "Failiefell" {vorpal, rElec Int+4}
 28906 | Gauntlet | Identified the +11 arbalest "Mazaq" {elec, rC+ Stlth+}
 28906 | Gauntlet | Identified the cursed +1 ice dragon scales of the Lotus
                  | Blossom {rElec rF- rC++ Will- SInv}
 28907 | Gauntlet | Identified the +9 short sword of Gotuahuz {holy, Will-
                  | Str+4 Int+6 Stlth+}
 28907 | Gauntlet | Identified the +9 shortbow of Watchfulness {flame, rN++
                  | Will+ Str-3 Dex+5}
 28910 | Gauntlet | Reached skill level 10 in Fighting
 28910 | Gauntlet | Reached skill level 10 in Short Blades
 28910 | Gauntlet | Reached skill level 10 in Long Blades
 28910 | Gauntlet | Reached skill level 10 in Axes
 28910 | Gauntlet | Reached skill level 10 in Maces & Flails
 28910 | Gauntlet | Reached skill level 10 in Polearms
 28910 | Gauntlet | Reached skill level 10 in Staves
 28910 | Gauntlet | Reached skill level 10 in Slings
 28910 | Gauntlet | Reached skill level 10 in Bows
 28910 | Gauntlet | Reached skill level 10 in Crossbows
 28910 | Gauntlet | Reached skill level 10 in Throwing
 28910 | Gauntlet | Reached skill level 10 in Armour
 28910 | Gauntlet | Reached skill level 10 in Shields
 28910 | Gauntlet | Reached skill level 10 in Unarmed Combat
 28910 | Gauntlet | Reached skill level 10 in Evocations
 29665 | D:12     | You are cast into the Abyss!
 29665 | D:12     | Cast into level 2 of the Abyss (unwielding a weapon of
                  | distortion)
 29995 | Abyss:2  | Found a corrupted altar of Lugonu.
 30011 | Abyss:2  | Noticed a lich
 30025 | Abyss:2  | Found a corrupted altar of Lugonu.
 30073 | Abyss:3  | Reached skill level 11 in Dodging
 30084 | Abyss:3  | Noticed a red draconian monk
 30195 | Abyss:3  | Noticed a tentacled starspawn
 30233 | Abyss:3  | HP: 20/115 [raiju/living lightning (18)]
 30241 | Abyss:3  | HP: 28/115 [raiju/living lightning (13)]
 30325 | Abyss:3  | Noticed a balrug
 30345 | Abyss:3  | Killed a balrug
 30346 | Abyss:3  | Reached skill level 11 in Conjurations
 30470 | Abyss:3  | Noticed a tentacled starspawn
 30485 | Abyss:3  | Noticed a red draconian shifter
 30571 | Abyss:3  | Gained mutation: You possess an exceptional clarity of
                  | mind. [a neqoxec]
 30577 | Abyss:3  | Reached skill level 11 in Invocations
 30728 | D:12     | You pass through the gate.
 30728 | D:12     | Escaped the Abyss
 31714 | D:13     | Reached skill level 11 in Stealth
 31729 | D:13     | HP: 14/115 [deep elf archer/arrow (29)]
 32109 | D:13     | Found a gate to the Vaults.
 33346 | D:13     | Noticed a fire giant
 33384 | D:13     | Killed a fire giant
 33586 | D:13     | You add the spells Sting, Poisonous Vapours and Olgreb's
                  | Toxic Radiance to your library.
 33592 | D:13     | Learned a level 4 spell: Olgreb's Toxic Radiance
 33695 | D:13     | Reached XP level 16. HP: 98/123 MP: 14/31
 34425 | D:14     | Reached ****** piety under Ashenzari
 34799 | D:14     | Reached skill level 9 in Hexes
 34799 | D:14     | Reached skill level 9 in Summonings
 34799 | D:14     | Reached skill level 9 in Necromancy
 34799 | D:14     | Reached skill level 9 in Translocations
 34799 | D:14     | Reached skill level 9 in Transmutations
 34799 | D:14     | Reached skill level 9 in Fire Magic
 34799 | D:14     | Reached skill level 9 in Ice Magic
 34799 | D:14     | Reached skill level 9 in Air Magic
 34799 | D:14     | Reached skill level 9 in Earth Magic
 34799 | D:14     | Reached skill level 9 in Poison Magic
 35866 | D:15     | Entered Level 15 of the Dungeon
 35866 | D:15     | Noticed Roxanne
 35884 | D:15     | Killed Roxanne
 35976 | D:15     | You pick up a book of the Earth and begin reading...
 35976 | D:15     | You add the spells Bolt of Magma, Statue Form, Iron Shot
                  | and Shatter to your library.
 35984 | D:15     | Learned a level 6 spell: Iron Shot
 37050 | D:15     | Noticed Nessos
 37053 | D:15     | Killed Nessos
 37987 | D:15     | Found a staircase to the Depths.
 38653 | Orc:2    | Bought a book of Burglary for 975 gold pieces
 38653 | Orc:2    | You pick up a book of Burglary and begin reading...
 38653 | Orc:2    | You add the spells Swiftness, Passwall, Passage of Golubria
                  | and Lee's Rapid Deconstruction to your library.
 38653 | Orc:2    | Bought a book of Alchemy for 975 gold pieces
 38653 | Orc:2    | You pick up a book of Alchemy and begin reading...
 38653 | Orc:2    | You add the spells Sublimation of Blood, Alistair's
                  | Intoxication, Irradiate and Eringya's Noxious Bog to your
                  | library.
 38656 | Orc:2    | Learned a level 2 spell: Sublimation of Blood
 38731 | Orc:1    | Killed Eryximachus's ghost
 38751 | Orc:1    | HP: 21/124 [burt's ghost/bolt of fire (20)]
 39127 | Orc:1    | Killed burt's ghost
 39128 | Orc:1    | Reached skill level 11 in Fighting
 39128 | Orc:1    | Reached skill level 11 in Short Blades
 39128 | Orc:1    | Reached skill level 11 in Long Blades
 39128 | Orc:1    | Reached skill level 11 in Axes
 39128 | Orc:1    | Reached skill level 11 in Maces & Flails
 39128 | Orc:1    | Reached skill level 11 in Polearms
 39128 | Orc:1    | Reached skill level 11 in Staves
 39128 | Orc:1    | Reached skill level 11 in Slings
 39128 | Orc:1    | Reached skill level 11 in Bows
 39128 | Orc:1    | Reached skill level 11 in Crossbows
 39128 | Orc:1    | Reached skill level 11 in Throwing
 39128 | Orc:1    | Reached skill level 11 in Armour
 39128 | Orc:1    | Reached skill level 11 in Shields
 39128 | Orc:1    | Reached skill level 11 in Unarmed Combat
 39128 | Orc:1    | Reached skill level 11 in Evocations
 39257 | Orc:1    | Killed TarVian's ghost
 39831 | Orc:1    | Killed Iduumew's ghost
 40104 | Orc:1    | Killed Voobriac's ghost
 40105 | Orc:1    | Reached skill level 12 in Spellcasting
 40298 | Lair:1   | Killed freelancePsychic's ghost
 40484 | Lair:1   | You pick up a book of Unlife and begin reading...
 40484 | Lair:1   | You add the spells Animate Dead, Borgnjor's Vile Clutch,
                  | Death Channel and Simulacrum to your library.
 40548 | Lair:2   | Learned a level 2 spell: Swiftness
 40560 | Lair:2   | Learned a level 6 spell: Statue Form
 40602 | Snake:1  | Entered Level 1 of the Snake Pit
 40651 | Snake:1  | Found a frozen archway.
 40666 | Snake:1  | Reached skill level 12 in Invocations
 40686 | IceCv    | Entered an ice cave
 41676 | IceCv    | Noticed an Ice Fiend
 41686 | IceCv    | Killed an Ice Fiend
 41687 | IceCv    | Reached skill level 12 in Dodging
 41687 | IceCv    | Reached XP level 17. HP: 131/131 MP: 18/33
 42978 | Snake:1  | Found Kiahent's Jewellery Boutique.
 42978 | Snake:1  | Found Fiffeqa's Armour Shop.
 42993 | Snake:1  | Reached skill level 12 in Stealth
 43034 | Snake:1  | Found Wuad's Gadget Boutique.
 43036 | Snake:1  | Found Senkeemn's Assorted Antiques.
 43044 | Snake:1  | Bought a masterwork ring mail for 198 gold pieces
 43047 | Snake:1  | Bought a +1 pair of boots of stealth for 198 gold pieces
 43069 | Snake:1  | Identified the +5 ring mail "Yra Umau" {Str+3 Slay+2} (You
                  | bought it in a shop on level 1 of the Snake Pit)
 44530 | Snake:2  | You pick up a book of Frost and begin reading...
 44530 | Snake:2  | You add the spells Freeze, Frozen Ramparts, Ozocubu's
                  | Armour, Hailstorm and Summon Ice Beast to your library.
 45998 | Snake:3  | Reached skill level 12 in Conjurations
 46240 | Snake:3  | Noticed Aizul
 46280 | Snake:3  | Killed Aizul
 46281 | Snake:3  | Reached skill level 10 in Hexes
 46281 | Snake:3  | Reached skill level 10 in Summonings
 46281 | Snake:3  | Reached skill level 10 in Necromancy
 46281 | Snake:3  | Reached skill level 10 in Translocations
 46281 | Snake:3  | Reached skill level 10 in Transmutations
 46281 | Snake:3  | Reached skill level 10 in Fire Magic
 46281 | Snake:3  | Reached skill level 10 in Ice Magic
 46281 | Snake:3  | Reached skill level 10 in Air Magic
 46281 | Snake:3  | Reached skill level 10 in Earth Magic
 46281 | Snake:3  | Reached skill level 10 in Poison Magic
 47066 | Snake:3  | magus.rc [v1.9.10]
 48359 | Snake:4  | Entered Level 4 of the Snake Pit
 48359 | Snake:4  | Noticed Asterion
 48374 | Snake:4  | Reached XP level 18. HP: 81/140 MP: 11/34
 48375 | Snake:4  | Killed Asterion
 48941 | Snake:4  | Found a radiant altar of Vehumet.
 49111 | Snake:4  | Learned a level 5 spell: Bolt of Magma
 49154 | Snake:4  | Reached skill level 12 in Fighting
 49154 | Snake:4  | Reached skill level 12 in Short Blades
 49154 | Snake:4  | Reached skill level 12 in Long Blades
 49154 | Snake:4  | Reached skill level 12 in Axes
 49154 | Snake:4  | Reached skill level 12 in Maces & Flails
 49154 | Snake:4  | Reached skill level 12 in Polearms
 49154 | Snake:4  | Reached skill level 12 in Staves
 49154 | Snake:4  | Reached skill level 12 in Slings
 49154 | Snake:4  | Reached skill level 12 in Bows
 49154 | Snake:4  | Reached skill level 12 in Crossbows
 49154 | Snake:4  | Reached skill level 12 in Throwing
 49154 | Snake:4  | Reached skill level 12 in Armour
 49154 | Snake:4  | Reached skill level 12 in Shields
 49154 | Snake:4  | Reached skill level 12 in Unarmed Combat
 49154 | Snake:4  | Reached skill level 12 in Evocations
 49632 | Snake:4  | Noticed Vashnia
 49634 | Snake:4  | Reached skill level 13 in Invocations
 49774 | Snake:4  | Killed Vashnia
 49929 | Snake:4  | Reached skill level 13 in Spellcasting
 50200 | Snake:4  | Reached skill level 13 in Dodging
 50213 | Snake:4  | Identified the +11 morningstar of Jajabrey {freeze, Fragile
                  | Str+5 Dex+6}
 50816 | Snake:4  | Reached skill level 13 in Stealth
 51199 | Snake:4  | HP: 35/141 [nagaraja/lance of force (27)]
 51205 | Snake:4  | HP: 35/141 [poisoned by a nagaraja (splash of poison)]
 51467 | Snake:4  | Reached XP level 19. HP: 70/147 MP: 27/36
 52107 | Snake:4  | Got a serpentine rune of Zot
 52315 | Shoals:1 | Entered Level 1 of the Shoals
 55039 | Shoals:3 | Found a glowing golden altar of the Shining One.
 55563 | Shoals:3 | Noticed Louise
 55595 | Shoals:3 | Reached skill level 11 in Hexes
 55595 | Shoals:3 | Reached skill level 11 in Summonings
 55595 | Shoals:3 | Reached skill level 11 in Necromancy
 55595 | Shoals:3 | Reached skill level 11 in Translocations
 55595 | Shoals:3 | Reached skill level 11 in Transmutations
 55595 | Shoals:3 | Reached skill level 11 in Fire Magic
 55595 | Shoals:3 | Reached skill level 11 in Ice Magic
 55595 | Shoals:3 | Reached skill level 11 in Air Magic
 55595 | Shoals:3 | Reached skill level 11 in Earth Magic
 55595 | Shoals:3 | Reached skill level 11 in Poison Magic
 55597 | Shoals:3 | Killed Louise
 55602 | Shoals:3 | HP: 32/148 [merfolk/+0 trident (18)]
 55610 | Shoals:3 | HP: 34/148 [wind drake (1)]
 57412 | Shoals:4 | Entered Level 4 of the Shoals
 57573 | Shoals:4 | Reached skill level 14 in Invocations
 57574 | Shoals:4 | Reached skill level 13 in Fighting
 57574 | Shoals:4 | Reached skill level 13 in Short Blades
 57574 | Shoals:4 | Reached skill level 13 in Long Blades
 57574 | Shoals:4 | Reached skill level 13 in Axes
 57574 | Shoals:4 | Reached skill level 13 in Maces & Flails
 57574 | Shoals:4 | Reached skill level 13 in Polearms
 57574 | Shoals:4 | Reached skill level 13 in Staves
 57574 | Shoals:4 | Reached skill level 13 in Slings
 57574 | Shoals:4 | Reached skill level 13 in Bows
 57574 | Shoals:4 | Reached skill level 13 in Crossbows
 57574 | Shoals:4 | Reached skill level 13 in Throwing
 57574 | Shoals:4 | Reached skill level 13 in Armour
 57574 | Shoals:4 | Reached skill level 13 in Shields
 57574 | Shoals:4 | Reached skill level 13 in Unarmed Combat
 57574 | Shoals:4 | Reached skill level 13 in Evocations
 57715 | Shoals:4 | You pick up a book of Unlife and begin reading...
 57717 | Shoals:4 | Got a barnacled rune of Zot
 57793 | Shoals:4 | Noticed Polyphemus
 57798 | Shoals:4 | Killed Polyphemus
 58188 | Shoals:4 | HP: 37/149 [merfolk javelineer/silver javelin (11)]
 58188 | Shoals:4 | HP: 4/149 [water nymph/the raging water (29)]
 58189 | Shoals:4 | Reached skill level 13 in Conjurations
 58625 | Shoals:4 | You are cast into the Abyss!
 58625 | Shoals:4 | Cast into level 2 of the Abyss (merfolk)
 58673 | Shoals:4 | You pass through the gate.
 58673 | Shoals:4 | Escaped the Abyss
 58750 | Shoals:4 | HP: 37/149 [merfolk javelineer/silver javelin (1)]
 59241 | Shoals:4 | Reached XP level 20. HP: 117/156 MP: 19/37
 59465 | Shoals:4 | Identified the cursed +1 ring mail of Foolhardiness {rN+
                  | Regen+ Str-5 Int+6}
 59737 | Shoals:4 | Noticed Ilsuiw
 59755 | Shoals:4 | Killed Ilsuiw
 60436 | Shoals:4 | Reached skill level 14 in Spellcasting
 60998 | Vaults:1 | Entered Level 1 of the Vaults
 61589 | Vaults:1 | Reached skill level 14 in Dodging
 62634 | Vaults:1 | Reached skill level 14 in Stealth
 63741 | Vaults:2 | You pick up a book of Hexes and begin reading...
 63741 | Vaults:2 | You add the spells Silence and Discord to your library.
 64532 | Vaults:2 | Reached XP level 21. HP: 100/164 MP: 12/39
 64667 | Vaults:2 | Identified the +10 fustibalus of Greed {freeze, +Blink
                  | rPois rC- Dex+3}
 64946 | Vaults:2 | Found a staircase to the Crypt.
 65670 | Vaults:3 | Reached skill level 15 in Invocations
 65671 | Vaults:3 | Noticed Nikola
 65690 | Vaults:3 | Reached skill level 12 in Hexes
 65690 | Vaults:3 | Reached skill level 12 in Summonings
 65690 | Vaults:3 | Reached skill level 12 in Necromancy
 65690 | Vaults:3 | Reached skill level 12 in Translocations
 65690 | Vaults:3 | Reached skill level 12 in Transmutations
 65690 | Vaults:3 | Reached skill level 12 in Fire Magic
 65690 | Vaults:3 | Reached skill level 12 in Ice Magic
 65690 | Vaults:3 | Reached skill level 12 in Air Magic
 65690 | Vaults:3 | Reached skill level 12 in Earth Magic
 65690 | Vaults:3 | Reached skill level 12 in Poison Magic
 65715 | Vaults:3 | HP: 40/164 [Nikola/chain lightning (23)]
 65715 | Vaults:3 | Killed from afar by Nikola

Vanquished Creatures
  Vashnia (Snake:4)
  An Ice Fiend (IceCv)
  A tentacled monstrosity (Vaults:3)
  Asterion (Snake:4)
  2 krakens
  Polyphemus (Shoals:4)
  12 nagarajas
  Ilsuiw (Shoals:4)
  The ghost of Iduumew the Warrior, an adept FoFi of Cheibriados (Orc:1)
  Roxanne (D:15)
  2 fire giants
  An orc warlord (Orc:2)
  8 vault wardens
  A balrug (Abyss:3)
  Louise (Shoals:3)
  The ghost of burt the Thaumaturge, a journeyman DrCj of Vehumet (Orc:1)
  The ghost of Voobriac the Eclecticist, a journeyman DsAE of Vehumet (Orc:1)
  Aizul (Snake:3)
  5 ironheart preservers
  2 stone giants
  The ghost of TarVian the Fencer, a journeyman MiFi of Qazlal (Orc:1)
  Nessos (D:15)
  An entropy weaver (Lair:6)
  2 minotaurs
  A deep elf death mage (Vaults:2)
  2 ettins
  11 merfolk impalers
  7 merfolk javelineers
  A fire dragon (Vaults:2)
  2 yaktaur captains
  The ghost of freelancePsychic the Arsonist, a journeyman DrFE of Vehumet (Lair:1)
  6 vault guards
  A great orb of eyes (Vaults:1)
  10 naga warriors
  2 ice dragons
  4 hydras
  A rakshasa (Vaults:1)
  A ghost crab (Gauntlet)
  The ghost of Eryximachus the Geomancer, a journeyman GrEE of Vehumet (Orc:1)
  2 catoblepae
  17 anacondas
  5 merfolk avatars
  4 centaur warriors
  3 boulder beetles
  2 death knights
  A queen ant (Lair:6)
  6 merfolk aquamancers (Shoals:4)
  7 ogre magi
  14 two-headed ogres
  5 death yaks
  An alligator snapping turtle (Shoals:1)
  4 orc high priests (Orc:2)
  A death scarab (Gauntlet)
  Urug (D:10)
  2 satyrs
  A tengu warrior (D:13)
  2 vampire magi (Vaults:2)
  2 deep elf knights
  A sun demon (Abyss:3)
  24 naga sharpshooters
  6 shock serpents
  Sonja (Orc:2)
  A wretched star (Abyss:3)
  The ghost of caitlindye the Spear-Bearer, a novice MiFi of the Shining One (D:7)
  5 skeletal warriors (D:15)
  3 salamander mystics
  A shadow wraith (Vaults:2)
  A fire crab (shapeshifter) (Vaults:1)
  A glowing orange brain (Abyss:3)
  14 sea snakes
  A phantasmal warrior (Vaults:2)
  A spectral hydra (Gauntlet)
  6 ironbrand convokers
  6 naga ritualists
  A necromancer (Vaults:3)
  3 deep elf archers
  A wolf spider zombie (D:14)
  11 harpies
  12 mana vipers
  8 orc knights
  28 ugly things
  7 deep elf magi
  4 wolf spiders
  A wolf spider (shapeshifter) (Vaults:1)
  13 manticores
  11 salamanders
  8 orc sorcerers
  An oklob plant (Shoals:3)
  A stone giant zombie (Vaults:3)
  15 fauns
  5 cyclopes
  3 elephants (Lair:6)
  Maurice (Orc:2)
  8 guardian serpents
  6 ice statues
  37 black mambas
  Psyche (D:10)
  A torpor snail (Lair:6)
  10 water nymphs
  19 naga magi
  6 vault sentinels
  A black mamba (shapeshifter) (Vaults:1)
  Joseph (Lair:1)
  6 merfolk sirens
  15 cane toads
  A gargoyle (D:14)
  5 centaur skeletons
  A rime drake (shapeshifter) (Vaults:2)
  10 ice devils (IceCv)
  The ghost of roflc0ptic the Insei, a novice OpTm (D:4)
  3 rime drakes
  36 yaktaurs
  3 freezing wraiths
  10 trolls
  8 komodo dragons
  An anaconda simulacrum (IceCv)
  3 meliai (D:15)
  A red devil (Abyss:3)
  7 polar bears
  37 merfolk
  Grinder (D:3)
  4 hornets
  6 slime creatures (D:13)
  A hornet (shapeshifter) (D:13)
  A raiju (shapeshifter) (Vaults:1)
  5 wind drakes
  10 snapping turtles
  14 blink frogs
  9 dream sheep
  A wind drake (shapeshifter) (D:13)
  3 raiju (Abyss:3)
  A centaur simulacrum (D:13)
  Sigmund (D:2)
  3 large abominations (Gauntlet)
  4 shadows
  A vampire (D:13)
  A wraith (D:13)
  A ynoxinul (Abyss:3)
  5 small abominations
  A dire elephant simulacrum (IceCv)
  3 water elementals
  4 basilisks
  4 wyverns
  A neqoxec (Abyss:3)
  37 yaks
  3 vampire mosquitoes
  2 chaos spawn (Abyss:3)
  2 human simulacra
  Menkaure (D:6)
  A naga (shapeshifter) (Vaults:1)
  A yaktaur simulacrum (Vaults:3)
  2 harpy simulacra (IceCv)
  5 wargs
  2 acid dragons
  An iron troll simulacrum (IceCv)
  A spatial vortex (Abyss:3)
  60 nagas
  18 soldier ants
  4 hydra simulacra (IceCv)
  15 water moccasins
  A phantom (D:5)
  6 sky beasts
  A black bear (shapeshifter) (Vaults:2)
  A necrophage (D:13)
  33 orc warriors
  3 black bears
  An ettin simulacrum (IceCv)
  9 wolves
  4 boggarts
  3 ice beasts
  30 ogres
  A centaur (shapeshifter) (Vaults:1)
  16 centaurs
  A human zombie (Vaults:3)
  A big kobold (shapeshifter) (D:14)
  7 big kobolds
  27 bullfrogs
  2 wyvern skeletons
  7 scorpions
  11 killer bees
  An orc simulacrum (Vaults:1)
  6 electric eels
  12 wights
  4 howler monkeys
  9 centaur zombies
  2 bullfrog zombies
  2 jellies
  3 quasits
  An iron imp (Abyss:3)
  A gnoll shaman (D:4)
  18 orc priests
  2 bullfrog skeletons
  7 hounds
  33 orc wizards
  Ijyb (D:3)
  Crazy Yiuf (D:2)
  Jessica (D:2)
  16 worker ants
  3 iguanas
  A hound zombie (D:6)
  2 worker ant zombies
  A howler monkey zombie (D:11)
  7 gnolls
  16 adders
  4 white imps
  2 ufetubi
  An ooze (D:1)
  2 adder zombies
  A worm (D:4)
  2 dart slugs (D:3)
  4 leopard geckos
  115 orcs
  6 bats
  11 giant cockroaches
  8 goblins
  10 hobgoblins
  10 jackals
  9 quokkas
  4 ball pythons
  3 frilled lizards
  A jackal skeleton (D:4)
  18 kobolds
  A quokka skeleton (D:5)
  4 rats
  A tentacle (Shoals:1)
1398 creatures vanquished.

Vanquished Creatures (collateral kills)
  A komodo dragon (Lair:6)
  A water moccasin (Lair:6)
  A killer bee zombie (D:7)
  4 kobolds (D:4)
7 creatures vanquished.

Vanquished Creatures (others)
  A manticore (Shoals:2)
  A yaktaur zombie (Vaults:3)
  An orc priest (D:13)
  An orc wizard (D:13)
  A killer bee zombie (D:7)
  An orc (D:13)
  51 fulminant prisms
  58 fungi
  149 plants
  2 starspawn tentacles (Abyss:3)
  13 tentacles
279 creatures vanquished.

Grand Total: 1684 creatures vanquished

Table legend:
 A = Non-vault XP
 B = Vault XP
 C = Vault XP percentage of total XP
 D = Non-vault monster count
 E = Vault monster count
 F = Vault count percentage of total count
                 A         B        C        D         E       F
            +---------+---------+-------+---------+---------+-------
      Total |  298273 |  227579 |  43.3 |     989 |     441 |  30.8
            +---------+---------+-------+---------+---------+-------
        D:1 |      32 |       0 |   0.0 |      15 |       0 |   0.0
        D:2 |      81 |     312 |  79.4 |      21 |       3 |  12.5
        D:3 |     229 |     324 |  58.6 |      24 |       2 |   7.7
        D:4 |     845 |     479 |  36.2 |      42 |       9 |  17.6
        D:5 |     527 |       0 |   0.0 |      21 |       0 |   0.0
        D:6 |     382 |     172 |  31.0 |      26 |       1 |   3.7
        D:7 |     499 |    2112 |  80.9 |      11 |       9 |  45.0
        D:8 |     880 |     251 |  22.2 |      17 |      25 |  59.5
        D:9 |    1644 |       0 |   0.0 |      32 |       0 |   0.0
       D:10 |    2163 |    1875 |  46.4 |      13 |      22 |  62.9
       D:11 |    3998 |       0 |   0.0 |      21 |       0 |   0.0
       D:12 |    4201 |       0 |   0.0 |      40 |       0 |   0.0
       D:13 |    6505 |   14294 |  68.7 |      36 |      37 |  50.7
       D:14 |   10142 |       0 |   0.0 |      33 |       0 |   0.0
       D:15 |   12082 |    7441 |  38.1 |      29 |       7 |  19.4
     Lair:1 |    6672 |    2933 |  30.5 |      28 |       5 |  15.2
     Lair:2 |    5608 |     490 |   8.0 |      28 |       4 |  12.5
     Lair:3 |    3005 |      97 |   3.1 |      14 |       1 |   6.7
     Lair:4 |    5695 |     430 |   7.0 |      19 |       4 |  17.4
     Lair:5 |    4047 |     314 |   7.2 |      16 |       2 |  11.1
     Lair:6 |   13411 |   16679 |  55.4 |      34 |      57 |  62.6
   Shoals:1 |   14954 |       0 |   0.0 |      28 |       0 |   0.0
   Shoals:2 |    7678 |       0 |   0.0 |      14 |       0 |   0.0
   Shoals:3 |   22273 |    2232 |   9.1 |      46 |       2 |   4.2
   Shoals:4 |   10119 |   38753 |  79.3 |      22 |      49 |  69.0
    Snake:1 |   10596 |    1484 |  12.3 |      24 |       4 |  14.3
    Snake:2 |   18488 |       0 |   0.0 |      30 |       0 |   0.0
    Snake:3 |   26051 |    3759 |  12.6 |      58 |       5 |   7.9
    Snake:4 |   19774 |   58960 |  74.9 |      38 |      67 |  63.8
      Orc:1 |    3202 |    7677 |  70.6 |      30 |       6 |  16.7
      Orc:2 |    2034 |   15390 |  88.3 |      19 |      29 |  60.4
   Vaults:1 |   36533 |    7575 |  17.2 |      71 |      12 |  14.5
   Vaults:2 |   16091 |   26808 |  62.5 |      43 |      40 |  48.2
   Vaults:3 |   20975 |    1309 |   5.9 |      28 |       3 |   9.7
    Abyss:2 |     920 |       0 |   0.0 |       5 |       0 |   0.0
    Abyss:3 |    5937 |     163 |   2.7 |      13 |       1 |   7.1
      IceCv |       0 |   10110 | 100.0 |       0 |      25 | 100.0
   Gauntlet |       0 |    5156 | 100.0 |       0 |      10 | 100.0
            +---------+---------+-------+---------+---------+-------

Illustrated notes

Table legend:
 A = Kills in this place as a percentage of kills in entire the game.
 B = Kills by you in this place as a percentage of kills by you in the entire game.
 C = Kills by friends in this place as a percentage of kills by friends in the entire game.
 D = Other kills in this place as a percentage of other kills in the entire game.
 E = Experience gained in this place as a percentage of experience gained in the entire game.
 F = Experience gained in this place divided by the number of levels of this place that you have seen.
                   A       B       C       D       E      F
               +-------+-------+-------+-------+-------+----------------------
         Total | 100.0 | 100.0 | 100.0 | 100.0 | 100.0 | 12825.7
       Dungeon |  34.7 |  34.6 |  71.4 |  29.6 |  13.6 | 4764.7
          Lair |  14.8 |  14.0 |  28.6 |  55.6 |  11.3 | 9896.8
        Shoals |  11.3 |  11.5 |   0.0 |   3.7 |  18.3 | 24002.2
     Snake Pit |  15.8 |  16.2 |   0.0 |   0.0 |  26.5 | 34778.0
  Orcish Mines |   5.9 |   5.9 |   0.0 |   7.4 |   5.4 | 14151.5
        Vaults |  13.8 |  14.0 |   0.0 |   3.7 |  20.8 | 36430.3
         Abyss |   1.3 |   1.4 |   0.0 |   0.0 |   1.3 | 1755.0
      Ice Cave |   1.7 |   1.8 |   0.0 |   0.0 |   1.9 | 10110.0
      Gauntlet |   0.7 |   0.7 |   0.0 |   0.0 |   1.0 | 5156.0
               +-------+-------+-------+-------+-------+----------------------

Table legend: (Time is in decaauts)
 A = Elapsed time spent in this place.
 B = Non-inter-level travel time spent in this place.
 C = Inter-level travel time spent in this place.
 D = Time resting spent in this place.
 E = Time spent auto-exploring this place.
 F = Levels seen in this place.
 G = Mean time per level.
                   A        B        C        D        E       F      G
               +--------+--------+--------+--------+--------+-----+--------+
         Total |  65298 |  61515 |   3783 |    997 |  51115 |  41 | 1592.6 |
       Dungeon |  23313 |  21738 |   1575 |    350 |  18659 |  15 | 1554.2 |
        Temple |    173 |    140 |     33 |      0 |    133 |   1 |  173.0 |
          Lair |  10458 |   9433 |   1025 |      0 |   7967 |   6 | 1743.0 |
        Shoals |   8745 |   8487 |    258 |     21 |   7364 |   4 | 2186.2 |
     Snake Pit |  10137 |   9867 |    270 |     18 |   8290 |   4 | 2534.2 |
  Orcish Mines |   4633 |   4185 |    448 |    436 |   3080 |   2 | 2316.5 |
        Vaults |   4585 |   4413 |    172 |     14 |   3536 |   3 | 1528.3 |
         Abyss |   1066 |   1066 |      0 |      0 |    505 |   4 |  266.5 |
      Ice Cave |   1340 |   1340 |      0 |    158 |    985 |   1 | 1340.0 |
      Gauntlet |    843 |    843 |      0 |      0 |    593 |   1 |  843.0 |
               +--------+--------+--------+--------+--------+-----+--------+

Top non-repeatable levels by time:
 Snake:3: 4644 daAuts
Shoals:3: 3685 daAuts
   Orc:1: 2925 daAuts
    D:13: 2515 daAuts
    D:15: 2345 daAuts
Vaults:2: 2278 daAuts
  Lair:5: 2251 daAuts
Vaults:1: 2162 daAuts
Shoals:4: 2147 daAuts
  Lair:1: 2146 daAuts
 Snake:1: 2099 daAuts
    D:10: 2000 daAuts
 Snake:2: 1988 daAuts
  Lair:6: 1932 daAuts
    D:14: 1849 daAuts
